 Dungeon Crawl Stone Soup version 0.28-a0-265-g048bc9fd10 (webtiles) character file.

Game seed: 15256480014425938317

16326 theanonym the Archer (level 12, -2/120 HPs)
             Began as a Gargoyle Hunter on Aug 27, 2021.
             Was a High Priest of Okawaru.
             Slain by a hell hound (7 damage)
             ... in a Gauntlet.
             The game lasted 00:29:34 (18696 turns).

theanonym the Archer (Gargoyle Hunter)             Turns: 18696, Time: 00:29:34

Health: -2/120     AC: 26    Str: 20    XL:     12   Next: 36%
Magic:  0/26       EV:  2    Int: 13    God:    Okawaru [*****.]
Gold:   1689       SH:  0    Dex: 10    Spells: 11/11 levels left

rFire   + . .      SeeInvis .   a - +3 longbow
rCold   + . .      Faith    .   (shield currently unavailable)
rNeg    + + +      Spirit   +   (armour currently unavailable)
rPois   ∞          Reflect  .   (helmet currently unavailable)
rElec   +          Harm     .   (cloak currently unavailable)
rCorr   +          Rampage  .   (gloves currently unavailable)
Will    .....      NoTele   +   (boots currently unavailable)
Stlth   +++.......              i - amulet of guardian spirit
HPRegen 0.30/turn               y - ring of magical power
MPRegen 0.20/turn               (no ring)

@: tree-form, resistant, heroic, studying Dodging
A: stationary, stasis, torment immunity, boosted hp, sickness immunity, AC +8,
negative energy resistance 1, (electricity resistance), torment resistance 1,
petrification resistance
a: Renounce Religion, Heroism, Finesse, Duel


Innate Abilities, Weirdness & Mutations

You are a tree.
Your roots penetrate the ground, keeping you stationary.
You cannot be teleported.
You are immune to unholy pain and torment.
Your maximum health is greatly increased.
Your equipment is partially melded.
You are immune to sickness and miasma.
((Your stone body is resilient. (AC +8)))
You are immune to poison.
You resist negative energy. (rN+)
((You are resistant to electric shocks. (rElec)))
You are resistant to unholy torment.
You are immune to petrification.


   Skills:
 + Level 11.1(16.1) Fighting
 * Level 14.2(19.2) Bows
 + Level 7.5(12.5) Armour
 - Level 1.5(6.5) Dodging
 - Level 1.1(6.1) Stealth
 + Level 7.2 Invocations


You had 11 spell levels left.
You didn't know any spells.
Your spell library contained the following spells:

 Spells                   Type           Power      Damage    Failure   Level
 Foxfire                  Conj/Fire      0%         2x1d4     30%         1
 Magic Dart               Conj           0%         1d3       30%         1
 Pain                     Necr           0%         1d4       30%         1
 Ensorcelled Hibernation  Hex/Ice        0%         N/A       43%         2
 Conjure Flame            Conj/Fire      0%         6-21      67%         3
 Gell's Gravitas          Tloc           0%         N/A       67%         3
 Inner Flame              Hex/Fire       0%         N/A       67%         3
 Lesser Beckoning         Tloc           0%         N/A       67%         3
 Mephitic Cloud           Conj/Pois/Air  0%         N/A       67%         3
 Portal Projectile        Hex/Tloc       0%         N/A       67%         3
 Spider Form              Tmut/Pois      0%         N/A       67%         3
 Teleport Other           Tloc           0%         N/A       67%         3
 Vampiric Draining        Necr           0%         2d6       67%         3
 Leda's Liquefaction      Hex/Erth       0%         N/A       97%         4
 Passage of Golubria      Tloc           N/A        N/A       97%         4
 Bolt of Magma            Conj/Fire/Erth 0%         4d4       100%        5
 Starburst                Conj/Fire      0%         6d3       100%        6
 Animate Skeleton         Necr           Unusable   N/A       N/A         1
 Call Imp                 Summ           Unusable   N/A       N/A         2
 Call Canine Familiar     Summ           Unusable   N/A       N/A         3
 Shadow Creatures         Summ           Unusable   N/A       N/A         6
 Statue Form              Tmut/Erth      Unusable   N/A       N/A         6

Skill      XL: |  1  2  3  4  5  6  7  8  9 10 11 12 |
---------------+-------------------------------------+-----
Fighting       | 3 4 5 6 8 9 10 11 | 11.1
Bows           | 5 6 8 9 11 12 13 14 | 14.2
Invocations    | 3 4 6 7 |  7.2
Armour         | 1 4 6 7 |  7.5
Dodging        | |  1.5
Stealth        | |  1.1

Action                   |  1- 3 |  4- 6 |  7- 9 | 10-12 || total
-------------------------+-------+-------+-------+-------++-------
Melee: Dagger            |   186 |   182 |   328 |   109 ||   805
       Short sword       |     3 |       |       |       ||     3
       Punch             |       |       |     1 |       ||     1
 Fire: Shortbow          |    17 |    54 |   112 |   642 ||   825
       Longbow           |       |       |       |    95 ||    95
Invok: Heroism           |       |       |     3 |     8 ||    11
Evoke: Wand              |       |       |    10 |    12 ||    22
       Piece from Xom's  |       |       |       |     7 ||     7
  Use: Potion            |       |     2 |       |     2 ||     4
       Scroll            |       |       |    14 |    14 ||    28
 Stab: Sleeping          |     2 |       |       |       ||     2
Armor: Leather armour    |    33 |       |       |       ||    33
       Plate armour      |    46 |   127 |   281 |   484 ||   938
       Skin              |       |       |       |     1 ||     1
Dodge: Dodged            |    66 |    45 |   106 |   172 ||   389

Inventory:

Hand Weapons
 a - a +3 longbow (weapon)
 b - a +1 dagger of venom
Missiles
 d - 230 arrows (quivered ammo)
Armour
 e - a +2 helmet (melded)
 h - a +0 plate armour (melded)
 n - a +1 cloak of poison resistance (melded)
 u - the +0 pair of boots "Enwu Aqe" (melded) {rF+ rCorr Dex+3 Slay-2}

   Dex:       It affects your dexterity (+3).
   Slay:      It affects your accuracy & damage with ranged weapons and melee
   (-2).
   rF:        It protects you from fire.
   rCorr:     It protects you from acid and corrosion.
Jewellery
 i - an amulet of guardian spirit (around neck)
 m - a ring of ice
 y - a ring of magical power (left branch)
Wands
 o - a wand of iceblast (29)
 p - a wand of flame (17)
 s - a wand of paralysis (10)
 v - a wand of acid (7)
Scrolls
 g - 2 scrolls of immolation
 j - a scroll of holy word
 k - a scroll of fear
 t - 6 scrolls of teleportation
 B - 2 scrolls of blinking
Potions
 f - 2 potions of resistance
 l - a potion of mutation
 q - 3 potions of lignification
 w - 4 potions of curing
 z - 3 potions of invisibility
 A - a potion of flight
Miscellaneous
 c - a piece from Xom's chessboard (13/15) You were in a Gauntlet. You worshipped Okawaru. Okawaru was extremely pleased with you. You were a tree. You visited 2 branches of the dungeon, and saw 14 of its levels. You visited the Abyss 1 time. You also visited: Gauntlet. You collected 1689 gold pieces.

Dungeon Overview and Level Annotations

Branches:
Dungeon (12/15)            Temple (0/1) D:6            Lair (0/6) D:10
    Orc (2/2) D:9             Elf (0/3) Orc:2       Gauntlet (1/1)

Altars:
Ashenzari
Dithmenos
Elyvilon
Okawaru
Ru
Sif Muna
Uskayaw
Vehumet
Wu Jian

Shops:
Orc:1 =

Annotations:
D:9 Erolcha Gauntlet 21 runed translucent doors, 11 transporters

########...............≈#
..#....#...#########...##
#..#...#...#....##.#...≈#
.#.P#..######..##..#...##
..#..#.#...###.#...#...≈#
#..#©.##©8©#©##.##.#©8.##
..#..#.#...#...#(###...≈#
.#..#..#####[!##2h##...##
#..#..s#...#)##©♣((#...§#
..#..Bs#...#########...##
########...............≈#
.........8.....8.....8.##
§.8...................§§#
.........#≈#§#≈#≈#§#≈#§##
#≈#≈#§#≈################
#########


You could see a hell beast and a hell hound.

Notes
Turn   | Place    | Note
-------+----------+-------------------------------------------
     0 | D:1      | theanonym the Gargoyle Hunter began the quest for the Orb.
     0 | D:1      | Reached XP level 1. HP: 12/12 MP: 1/1
    43 | D:1      | HP: 4/12 [hobgoblin (4)]
   368 | D:1      | Reached XP level 2. HP: 15/18 MP: 2/2
   836 | D:1      | Reached XP level 3. HP: 22/22 MP: 3/3
  1021 | D:1      | Found a faded altar of an unknown god.
  2281 | D:3      | Reached skill level 3 in Fighting
  2289 | D:3      | Reached skill level 5 in Bows
  2463 | D:3      | Noticed a necrophage
  2482 | D:2      | HP: 11/23 [adder (3)]
  2488 | D:2      | HP: 5/23 [adder (4)]
  2490 | D:2      | Reached XP level 4. HP: 6/28 MP: 4/4
  3256 | D:3      | Killed a necrophage
  3257 | D:3      | Reached XP level 5. HP: 33/33 MP: 5/5
  3427 | D:3      | Reached skill level 6 in Bows
  3482 | D:3      | Reached skill level 4 in Fighting
  3858 | D:3      | Found an iron altar of Okawaru.
  3942 | D:3      | Became a worshipper of Warmaster Okawaru
  3968 | D:4      | Noticed an ogre
  3972 | D:4      | Noticed a lemure
  4055 | D:3      | HP: 13/33 [orc (7)]
  4071 | D:3      | HP: 13/33 [orc (1)]
  4074 | D:3      | Reached XP level 6. HP: 16/38 MP: 6/6
  4452 | D:4      | Found a shimmering blue altar of Sif Muna.
  4678 | D:4      | Noticed Pikel
  4712 | D:4      | HP: 17/39 [Pikel (4)]
  4717 | D:4      | HP: 14/39 [Pikel (6)]
  4720 | D:4      | Killed Pikel
  4720 | D:4      | Reached * piety under Okawaru
  4720 | D:4      | Reached ** piety under Okawaru
  4721 | D:4      | Reached skill level 5 in Fighting
  4721 | D:4      | Reached skill level 8 in Bows
  4721 | D:4      | Reached XP level 7. HP: 11/45 MP: 7/7
  4982 | D:4      | Found a radiant altar of Vehumet.
  5070 | D:4      | Cast into level 1 of the Abyss (orc)
  5089 | Abyss:1  | Noticed an apocalypse crab
  5123 | Abyss:1  | Noticed a glowing orange brain
  5152 | Abyss:1  | Noticed a red draconian
  5155 | D:4      | Escaped the Abyss
  5529 | D:4      | Reached XP level 8. HP: 48/51 MP: 8/8
  5645 | D:4      | Reached skill level 1 in Invocations
  5858 | D:4      | Found a sacrificial altar of Ru.
  6012 | D:4      | Reached skill level 6 in Fighting
  6104 | D:5      | Entered Level 5 of the Dungeon
  6351 | D:4      | Reached skill level 2 in Invocations
  6616 | D:5      | Found an ornate altar of the Wu Jian Council.
  6626 | D:5      | Reached skill level 9 in Bows
  6762 | D:5      | HP: 22/52 [iguana (8)]
  6767 | D:5      | HP: 13/52 [iguana (9)]
  7313 | D:5      | Noticed Edmund
  7371 | D:5      | Reached skill level 3 in Invocations
  7389 | D:5      | HP: 22/52 [Edmund (6)]
  7392 | D:4      | HP: 9/52 [Edmund (7)]
  7495 | D:4      | HP: 22/52 [shadow imp/nerve-wracking pain (1)]
  8138 | D:6      | Found a staircase to the Ecumenical Temple.
  8169 | D:6      | Reached XP level 9. HP: 44/56 MP: 11/11
  8256 | D:6      | Reached skill level 7 in Fighting
  8275 | D:6      | Reached skill level 4 in Invocations
  8436 | D:6      | Noticed a +0 dagger
  8436 | D:6      | Noticed a +0 hand axe
  8440 | D:6      | Found a hide-covered altar of Uskayaw.
  8479 | D:6      | Reached *** piety under Okawaru
  8649 | D:6      | Noticed a two-headed ogre
  8660 | D:6      | HP: 12/57 [two-headed ogre (17)]
  8662 | D:6      | Killed a two-headed ogre
  8663 | D:6      | Reached skill level 10 in Bows
  9141 | D:6      | Reached **** piety under Okawaru
  9142 | D:6      | Reached skill level 8 in Fighting
  9213 | D:6      | HP: 19/59 [orc warrior (16)]
  9219 | D:6      | HP: 14/59 [orc warrior (7)]
  9223 | D:6      | Reached skill level 11 in Bows
  9573 | D:6      | Found a broken altar of Ashenzari.
  9886 | D:7      | Identified a scroll of acquirement
  9886 | D:7      | Acquired a +0 cloak of poison resistance
  9987 | D:7      | Noticed Duvessa
  9989 | D:7      | Noticed Dowan
  9992 | D:7      | Killed Duvessa
  9993 | D:7      | Reached skill level 1 in Armour
  9996 | D:7      | Killed Dowan
  9996 | D:7      | Received a gift from Okawaru
  9997 | D:7      | Reached XP level 10. HP: 61/65 MP: 10/13
 10263 | D:7      | Noticed a kobold demonologist
 10410 | D:7      | Reached skill level 2 in Armour
 10425 | D:7      | Noticed a boulder beetle
 10452 | D:7      | HP: 29/65 [boulder beetle (11)]
 10457 | D:7      | HP: 26/65 [boulder beetle (2)]
 10463 | D:7      | HP: 10/65 [boulder beetle (5)]
 10755 | D:7      | Noticed a soul eater
 10764 | D:7      | Noticed a sun demon
 10767 | D:7      | HP: 32/65 [sun demon[a kobold demonologist] (12)]
 10978 | D:7      | Killed a kobold demonologist
 11383 | D:7      | Killed a boulder beetle
 11383 | D:7      | Received a gift from Okawaru
 11384 | D:7      | Reached skill level 9 in Fighting
 11384 | D:7      | Reached skill level 12 in Bows
 11384 | D:7      | Reached skill level 3 in Armour
 11877 | D:8      | Identified the +4 rapier of Midnight {flame, Fly rF++ Str-4
                  | Stlth+}
 11878 | D:8      | Found a white marble altar of Elyvilon.
 12018 | D:8      | Identified the +0 pair of boots "Enwu Aqe" {rF+ rCorr Dex+3
                  | Slay-2}
 12209 | D:8      | Noticed Grum
 12224 | D:8      | Reached skill level 4 in Armour
 12235 | D:8      | Killed Grum
 12644 | D:9      | HP: 29/66 [lava snake/glob of lava (7)]
 12872 | D:9      | Received a gift from Okawaru
 12936 | D:9      | Noticed a six-headed hydra
 12938 | D:9      | HP: 33/66 [six-headed hydra (10)]
 13205 | D:9      | HP: 33/66 [orc warrior (9)]
 13212 | D:8      | HP: 28/66 [orc warrior (6)]
 13496 | D:9      | HP: 32/67 [orc warrior (6)]
 13809 | D:9      | Reached XP level 11. HP: 72/72 MP: 14/14
 13851 | D:9      | Got the Guide on the Displaced Arsonist
 13935 | D:9      | Killed a six-headed hydra
 13935 | D:9      | Reached ***** piety under Okawaru
 13936 | D:9      | Reached skill level 5 in Armour
 14022 | D:9      | Noticed Erolcha
 14049 | D:8      | Reached skill level 10 in Fighting
 14318 | D:9      | Reached skill level 5 in Invocations
 14494 | D:4      | Killed Edmund
 14701 | D:9      | Found a staircase to the Orcish Mines.
 14717 | Orc:1    | Entered Level 1 of the Orcish Mines
 14791 | Orc:1    | Reached skill level 13 in Bows
 14856 | Orc:1    | Noticed an orc knight
 14870 | Orc:1    | Killed an orc knight
 14870 | Orc:1    | Received a gift from Okawaru
 14967 | Orc:1    | Noticed Urug
 14984 | Orc:1    | Killed Urug
 15037 | Orc:1    | Found Jugrokla's Jewellery Emporium.
 15193 | Orc:2    | Entered Level 2 of the Orcish Mines
 15193 | Orc:2    | Found a staircase to the Elven Halls.
 15208 | Orc:1    | Received a gift from Okawaru
 15372 | Orc:2    | Noticed an orc high priest
 15378 | Orc:2    | Noticed a sun demon
 15520 | D:9      | Reached skill level 6 in Armour
 15551 | D:9      | Found a shadowy altar of Dithmenos.
 15586 | D:10     | Entered Level 10 of the Dungeon
 15627 | D:10     | Noticed a cyclops
 15642 | D:10     | Killed a cyclops
 15986 | D:10     | Received a gift from Okawaru
 16118 | D:10     | Reached skill level 6 in Invocations
 16191 | D:10     | Found a staircase to the Lair.
 16403 | D:10     | Identified the +2 scale mail of the Bull {-Tele +Inv rF+
                  | Int+3} (Okawaru gifted it to you on level 10 of the
                  | Dungeon)
 16403 | D:10     | Received a gift from Okawaru
 16460 | D:10     | Noticed a two-headed ogre
 16465 | D:10     | Killed a two-headed ogre
 16485 | D:10     | Reached XP level 12. HP: 73/79 MP: 16/16
 16500 | D:10     | Reached skill level 7 in Armour
 17009 | D:11     | HP: 39/79 [komodo dragon (6)]
 17013 | D:11     | Reached skill level 14 in Bows
 17486 | D:11     | Acquired 731 gold pieces
 18053 | D:11     | HP: 39/79 [slime creature (4)]
 18055 | D:11     | Reached skill level 11 in Fighting
 18055 | D:11     | Reached skill level 7 in Invocations
 18067 | D:11     | HP: 31/80 [large slime creature (2)]
 18072 | D:11     | HP: 6/80 [large slime creature (13)]
 18496 | D:12     | Found a gate leading to a gauntlet.
 18505 | Gauntlet | Entered a Gauntlet
 18505 | Gauntlet | Found a large runed translucent door.
 18505 | Gauntlet | Found a large runed translucent door.
 18505 | Gauntlet | Found a large runed translucent door.
 18505 | Gauntlet | Found a large runed translucent door.
 18505 | Gauntlet | Found a large runed translucent door.
 18505 | Gauntlet | Found a large runed translucent door.
 18505 | Gauntlet | Found a runed translucent door.
 18505 | Gauntlet | Found a transporter.
 18505 | Gauntlet | Found a runed translucent door.
 18505 | Gauntlet | Found a large runed translucent door.
 18505 | Gauntlet | Found a large runed translucent door.
 18505 | Gauntlet | Found a large runed translucent door.
 18505 | Gauntlet | Found a large runed translucent door.
 18505 | Gauntlet | Found a large runed translucent door.
 18505 | Gauntlet | Found a large runed translucent door.
 18508 | Gauntlet | Found a transporter.
 18525 | Gauntlet | Found a transporter.
 18526 | Gauntlet | Found a transporter.
 18534 | Gauntlet | Noticed a death yak
 18534 | Gauntlet | Noticed a death yak
 18534 | Gauntlet | Noticed a death yak
 18535 | Gauntlet | Noticed a death yak
 18536 | Gauntlet | Found a transporter.
 18536 | Gauntlet | Noticed a death yak
 18555 | Gauntlet | Noticed a reaper
 18556 | Gauntlet | Found a transporter.
 18569 | Gauntlet | Found a transporter.
 18569 | Gauntlet | Noticed an entropy weaver
 18589 | Gauntlet | Found a transporter.
 18593 | Gauntlet | Found a transporter.
 18596 | Gauntlet | Noticed a hell beast
 18604 | Gauntlet | Found a transporter.
 18614 | Gauntlet | Found a large runed translucent door.
 18615 | Gauntlet | Found a large runed translucent door.
 18617 | Gauntlet | Found a runed translucent gate.
 18619 | Gauntlet | Noticed a catoblepas
 18625 | Gauntlet | Found a runed translucent gate.
 18625 | Gauntlet | Found a transporter.
 18625 | Gauntlet | Found a transporter.
 18626 | Gauntlet | Found a runed translucent gate.
 18635 | Gauntlet | Found a large runed translucent door.
 18636 | Gauntlet | Found a large runed translucent door.
 18690 | Gauntlet | HP: 34/80 [hell beast (10)]
 18694 | Gauntlet | HP: 12/80 [hell beast (8)]
 18696 | Gauntlet | HP: 5/120 [hell beast (8)]
 18696 | Gauntlet | Slain by a hell hound

Vanquished Creatures
  A boulder beetle (D:7)
  A hydra (D:9)
  2 two-headed ogres
  Urug (Orc:1)
  An orc knight (Orc:1)
  Pikel (D:4)
  2 cyclopes
  An ugly thing (D:12)
  3 kobold demonologists
  A komodo dragon (D:11)
  3 trolls
  2 slime creatures (D:11)
  A hornet (D:8)
  A water elemental (D:11)
  6 yaks (D:10)
  4 wyverns
  A basilisk (D:10)
  A steam dragon (D:7)
  Grum (D:8)
  2 vampire mosquitoes (D:11)
  Edmund (D:4)
  A hell hound (Gauntlet)
  A water moccasin (D:6)
  2 acid dragons
  Duvessa (D:7)
  12 orc warriors
  A hornet zombie (D:7)
  A swamp drake (D:10)
  2 sky beasts
  4 ogres
  A necrophage (D:3)
  2 phantoms
  4 wolves (D:8)
  4 centaurs
  A lemure (D:4)
  4 kobold brigands
  2 bullfrogs (D:6)
  A gnoll sergeant (D:8)
  Dowan (D:7)
  5 scorpions
  A water moccasin zombie (D:5)
  11 killer bees (D:10)
  10 wights
  10 electric eels
  2 lava snakes (D:9)
  3 centaur zombies
  A hound (D:4)
  4 orc priests
  A centaur skeleton (D:7)
  2 iguanas
  A scorpion zombie (D:5)
  11 orc wizards
  2 hound skeletons (D:5)
  9 gnolls
  2 howler monkey skeletons (D:6)
  7 adders
  2 shadow imps
  A worm (D:4)
  49 orcs
  9 endoplasms
  6 giant cockroaches
  12 goblins
  13 hobgoblins
  22 kobolds
  4 quokkas
  9 ball pythons
  A bat (D:2)
  5 frilled lizards
  4 rats (D:1)
301 creatures vanquished.

Vanquished Creatures (others)
  A fungus (Gauntlet)
  20 plants
21 creatures vanquished.

Grand Total: 322 creatures vanquished

Table legend: (Time is in decaauts)
 A = Elapsed time spent in this place.
 B = Non-inter-level travel time spent in this place.
 C = Inter-level travel time spent in this place.
 D = Time resting spent in this place.
 E = Time spent auto-exploring this place.
 F = Levels seen in this place.
 G = Mean time per level.
                   A        B        C        D        E       F      G
               +--------+--------+--------+--------+--------+-----+--------+
         Total |  18408 |  17351 |   1057 |   4755 |  10014 |  16 | 1150.5 |
       Dungeon |  17447 |  16451 |    996 |   4718 |   9366 |  12 | 1453.9 |
  Orcish Mines |    686 |    625 |     61 |     36 |    472 |   2 |  343.0 |
         Abyss |     84 |     84 |      0 |      0 |     29 |   1 |   84.0 |
      Gauntlet |    189 |    189 |      0 |      0 |    147 |   1 |  189.0 |
               +--------+--------+--------+--------+--------+-----+--------+

Top non-repeatable levels by time:
     D:6: 2505 daAuts
     D:4: 2092 daAuts
    D:11: 1722 daAuts
     D:1: 1574 daAuts
     D:5: 1504 daAuts
     D:9: 1462 daAuts
     D:8: 1398 daAuts
     D:7: 1370 daAuts
     D:3: 1302 daAuts
     D:2: 1265 daAuts
    D:10: 1187 daAuts
   Orc:1: 680 daAuts
Gauntlet: 189 daAuts
 Abyss:1: 84 daAuts
    D:12: 61 daAuts
